 Dungeon Crawl Stone Soup version 0.30.1-11-g7821555f0a (webtiles) character file.

Game seed: 15775449991295556400

8162 Peloso the Carver (level 11, -1/97 HPs)
             Began as a Minotaur Fighter on Dec 21, 2023.
             Was a Priest of Okawaru.
             Slain by a gnoll sergeant
             ... wielding a +4 spear of flaming
              (2 damage)
             ... on level 10 of the Dungeon.
             The game lasted 00:15:30 (8766 turns).

Peloso the Carver (Minotaur Fighter)                Turns: 8766, Time: 00:15:31

Health: -1/97      AC: 14    Str: 22    XL:     11   Next: 6%
Magic:  0/10       EV: 10    Int:  5    God:    Okawaru [***...]
Gold:   482        SH:  5    Dex: 13    Spells: 10/10 levels left

rFire   . . .        a - +3 long sword
rCold   + . .        d - +0 buckler
rNeg    . . .        y - +1 chain mail of the Hunter {Rampage}
rPois   .            (helmet restricted)
rElec   .            (no cloak)
rCorr   +            (no gloves)
SInv    .            c - +0 pair of boots
Will    .....        F - amulet of guardian spirit Stlth
                     l - ring of resist corrosion
HPRegen 0.36/turn    r - ring of protection from cold
MPRegen 0.12/turn

%: guardian spirit, rampage
@: mighty
A: horns 2, retaliatory headbutt
a: Renounce Religion, Heroism


You were on level 10 of the Dungeon.
You worshipped Okawaru.
Okawaru was most pleased with you.
You visited 2 branches of the dungeon, and saw 11 of its levels.

You collected 605 gold pieces.
You spent 123 gold pieces at shops.

Inventory:

Hand Weapons
 a - a +3 long sword (weapon)
 b - a +0 long sword
Missiles
 E - a throwing net (quivered)
Armour
 c - a +0 pair of boots (worn)
 d - a +0 buckler (worn)
 y - the +1 chain mail of the Hunter (worn) {Rampage}
   (You found it on level 6 of the Dungeon)

   Rampage:   It bestows one free step when moving towards enemies.
Jewellery
 l - a ring of resist corrosion (left hand)
 r - a ring of protection from cold (right hand)
 B - a ring of wizardry
 F - an amulet of guardian spirit (around neck)
Wands
 n - a wand of paralysis (11)
 u - a wand of flame (33)
Scrolls
 e - 2 scrolls of immolation {unknown}
 f - a scroll of teleportation
 h - 2 scrolls of silence
 k - 2 scrolls of amnesia {unknown}
 m - a scroll of enchant weapon
 q - 2 scrolls of fear
 s - 2 scrolls of noise {unknown}
 w - 2 scrolls of fog
 x - 2 scrolls of vulnerability {unknown}
 C - a scroll of enchant armour
Potions
 g - 4 potions of brilliance
 i - 2 potions of heal wounds
 j - 2 potions of might
 o - a potion of ambrosia
 p - a potion of curing
 v - 2 potions of cancellation
 z - 2 potions of mutation
 A - 2 potions of berserk rage {unknown}
 D - a potion of flight {unknown}


   Skills:
 + Level 9.1 Fighting
 + Level 12.7 Long Blades
 + Level 10.9 Armour
 + Level 5.2 Dodging
 + Level 2.5 Stealth
 + Level 6.8 Shields
 + Level 0.6 Invocations
 + Level 1.5 Evocations


You had 10 spell levels left.
You didn't know any spells.
Your spell library contained the following spells:

 Spells                   Type           Power      Damage    Failure   Level
 Apportation              Tloc           0%         N/A       96%         1
 Kiss of Death            Conj/Necr      0%         2d5       96%         1
 Slow                     Hex            0%         N/A       96%         1
 Confusing Touch          Hex            0%         N/A       100%        3
 Vampiric Draining        Necr           0%         2d6       100%        3
 Dispel Undead            Necr           0%         3d6       100%        4
 Alistair's Intoxication  Tmut/Pois      0%         N/A       100%        5


Dungeon Overview and Level Annotations

Branches:
Dungeon (10/15)            Temple (1/1) D:7
   Lair: D:8-11         Orc: D:9-12

Altars:
Ashenzari
Cheibriados
Dithmenos
Elyvilon
Fedhas
Gozag
Hepliaklqana
Kikubaaqudgha
Makhleb
Nemelex Xobeh
Okawaru
Qazlal
Sif Muna
Trog
Uskayaw
Vehumet
Wu Jian
Xom
Yredelemnul
Zin
The Shining One

Shops:
D:5 *!   D:8 ?   D:9 :   D:10 (

Annotations:
D:5 1 runed translucent door, Anaz's ghost, novice DgAE
D:10 Erolcha
Temple 2 transporters


Innate Abilities, Weirdness & Mutations

You have a pair of horns on your head.
You reflexively headbutt those who attack you in melee.


Message History

You hit the wraith. You headbutt the wraith.
You destroy the wraith!
Okawaru accepts your kill.
You have reached level 11!
You slice the orc knight!! You headbutt the orc knight.
The orc knight is moderately wounded.
The orc knight hits you with a +2 battleaxe!
* * * LOW HITPOINT WARNING * * *
You hit the orc knight. You headbutt the orc knight.
The orc knight is heavily wounded.
The orc knight hits you with a +2 battleaxe.
* * * LOW HITPOINT WARNING * * *
You slash the orc knight! You headbutt the orc knight!
The orc knight is severely wounded.
The orc knight hits you with a +2 battleaxe!
* * * LOW HITPOINT WARNING * * *
You hit the orc knight. You headbutt the orc knight!
The orc knight is almost dead.
The orc knight hits you but does no damage.
You slice the orc knight!!
You kill the orc knight!
Okawaru is honoured by your kill.
You feel yourself speed up.
Erolcha screams, "Lunch!"
You slash Erolcha!
Erolcha is moderately wounded.
Erolcha closely misses you.
The gnoll sergeant hits you but does no damage.
You hit Erolcha. You headbutt Erolcha!
Erolcha is heavily wounded.
You feel like a meek peon again. You block the gnoll sergeant's attack.
You hit Erolcha. You headbutt Erolcha!
Erolcha is severely wounded.
Erolcha hits you with a +0 giant spiked club!
* * * LOW HITPOINT WARNING * * *
The gnoll sergeant hits you from afar with a +4 spear of flaming.
* * * LOW HITPOINT WARNING * * *
The gnoll sergeant burns you.
You die...

g#.####.......# #...#
..K###.........####...##
.....'.........+.......#
...###.........####...##
.#W#
##.......#####..#####
##.#
##.....###......[[.# #.#
##...## #.##.####)# ##.#
#+## #.##..# #.# .W.#
#.# #@###.###.# ####
##.#####O........#
#...W.>g####.#####
#####...#.#)# #.#
##...........# #.#
####...##...#.#.# #.#
........#..##.#.# #.#
####...##.###........#
##.###.#####.######


You could see Erolcha and a gnoll sergeant.

Vanquished Creatures
  3 two-headed ogres (D:10)
  An orc knight (D:10)
  A komodo dragon (D:10)
  A troll (D:10)
  Grinder (D:4)
  2 wraiths (D:10)
  A vampire (D:10)
  5 yaks (D:8)
  A wyvern (D:7)
  5 steam dragons
  Menkaure (D:4)
  3 ice beasts
  A black bear (D:7)
  An orc warrior (D:10)
  A sky beast (D:6)
  2 ogres
  2 centaurs
  A phantom (D:6)
  A kobold brigand (D:10)
  4 bullfrogs
  A gnoll sergeant (D:10)
  2 scorpions (D:6)
  20 wights
  2 jellies
  An orc priest (D:5)
  A gnoll bouda (D:4)
  2 hounds
  An iguana (D:4)
  3 sleepcaps
  Ijyb (D:4)
  4 orc wizards
  3 gnolls (D:2)
  12 adders
  A shadow imp (D:7)
  3 white imps
  2 ufetubi
  3 worms
  2 dart slugs
  16 orcs
  10 ball pythons
  7 endoplasms
  12 giant cockroaches
  12 goblins
  7 hobgoblins
  A jackal (D:3)
  5 quokkas
  8 bats
  11 kobolds
  3 rats
194 creatures vanquished.

Vanquished Creatures (others)
  A quokka (D:6)
1 creature vanquished.

Grand Total: 195 creatures vanquished

Notes
Turn   | Place    | Note
-------+----------+-------------------------------------------
     0 | D:1      | Peloso the Minotaur Fighter began the quest for the Orb.
     0 | D:1      | Reached XP level 1. HP: 19/19 MP: 0/0
   117 | D:1      | Reached XP level 2. HP: 27/27 MP: 1/1
   860 | D:1      | Found a faded altar of an unknown god.
   975 | D:2      | Reached XP level 3. HP: 34/34 MP: 2/2
   979 | D:2      | Reached skill level 3 in Long Blades
  1107 | D:2      | Reached XP level 4. HP: 29/41 MP: 3/3
  1393 | D:2      | Reached skill level 1 in Dodging
  1402 | D:2      | HP: 1/41 [gnoll/+0 flail (6)]
  2010 | D:3      | Reached XP level 5. HP: 47/47 MP: 4/4
  2153 | D:3      | You fall into a shaft and drop 3 floors!
  2212 | D:6      | Reached skill level 4 in Long Blades
  2253 | D:6      | Reached skill level 5 in Armour
  2254 | D:6      | Noticed a phantom
  2284 | D:6      | Killed a phantom
  2285 | D:6      | Reached skill level 5 in Fighting
  2285 | D:6      | Reached XP level 6. HP: 33/56 MP: 5/5
  2425 | D:6      | Noticed a sky beast
  2442 | D:6      | Killed a sky beast
  2443 | D:6      | Reached skill level 5 in Long Blades
  2550 | D:5      | Entered Level 5 of the Dungeon
  2727 | D:4      | Noticed Grinder
  3001 | D:4      | Paralysed by Grinder for 2 turns
  3004 | D:4      | Killed Grinder
  3005 | D:4      | Reached XP level 7. HP: 61/61 MP: 6/6
  3076 | D:4      | Reached skill level 6 in Long Blades
  3282 | D:4      | Noticed Ijyb
  3293 | D:4      | Killed Ijyb
  3479 | D:4      | Noticed Menkaure
  3483 | D:4      | Killed Menkaure
  3484 | D:4      | Reached skill level 7 in Long Blades
  3484 | D:4      | Reached XP level 8. HP: 27/70 MP: 7/7
  4109 | D:5      | Reached skill level 1 in Evocations
  4185 | D:5      | Found Beoqilag's Distillery.
  4259 | D:5      | Found Xuingom's Overcharged Wands.
  4337 | D:5      | Found a runed translucent door.
  4359 | D:5      | Noticed Anaz's ghost (novice DgAE)
  4413 | D:5      | Reached skill level 5 in Shields
  4800 | D:5      | Reached skill level 8 in Long Blades
  4802 | D:5      | Reached skill level 1 in Stealth
  5136 | D:6      | Found a white marble altar of Elyvilon.
  5312 | D:6      | Identified the +2 robe of the Trombone {rF+ rC- Dex+3}
  5344 | D:6      | Identified the +1 chain mail of the Hunter {Rampage}
  5820 | D:7      | Reached skill level 9 in Long Blades
  5820 | D:7      | Reached XP level 9. HP: 77/78 MP: 8/8
  6087 | D:7      | Found a sparkling altar of Nemelex Xobeh.
  6096 | D:7      | Found a hazy altar of Hepliaklqana.
  6097 | D:7      | Found a broken altar of Ashenzari.
  6104 | D:7      | Found a basalt altar of Yredelemnul.
  6301 | D:7      | Found a staircase to the Ecumenical Temple.
  6409 | D:7      | Reached skill level 10 in Long Blades
  6435 | Temple   | Entered the Ecumenical Temple
  6435 | Temple   | Found a transporter.
  6435 | Temple   | Found a transporter.
  6437 | Temple   | Found a transporter.
  6437 | Temple   | Found a transporter.
  6451 | Temple   | Became a worshipper of Warmaster Okawaru
  6764 | D:8      | Reached * piety under Okawaru
  6783 | D:8      | Reached XP level 10. HP: 30/88 MP: 9/9
  7037 | D:8      | Found a burning altar of Makhleb.
  7447 | D:8      | Reached skill level 11 in Long Blades
  7461 | D:8      | Found The Oracle's Delphic Readings.
  7467 | D:8      | Bought a scroll of enchant weapon for 97 gold pieces
  7467 | D:8      | Bought a scroll of identify for 26 gold pieces
  7777 | D:9      | Noticed a five-headed hydra
  7789 | D:9      | Found Apuureig's Self-Improvement Boutique.
  7808 | D:9      | Reached ** piety under Okawaru
  7819 | D:10     | Entered Level 10 of the Dungeon
  7906 | D:10     | Found Xokuiqyaf's Weapon Shoppe.
  7965 | D:10     | Noticed a deep elf pyromancer
  7978 | D:10     | Noticed a two-headed ogre
  7992 | D:10     | Reached skill level 5 in Dodging
  7998 | D:10     | Killed a two-headed ogre
  7999 | D:10     | Reached skill level 10 in Armour
  8408 | D:10     | Reached skill level 12 in Long Blades
  8474 | D:10     | Reached *** piety under Okawaru
  8671 | D:10     | Noticed a two-headed ogre
  8676 | D:10     | Noticed a two-headed ogre
  8680 | D:10     | Noticed an orc knight
  8681 | D:10     | Killed a two-headed ogre
  8689 | D:10     | Killed a two-headed ogre
  8699 | D:10     | Noticed Erolcha
  8759 | D:10     | Reached XP level 11. HP: 39/97 MP: 4/10
  8763 | D:10     | Killed an orc knight
  8766 | D:10     | HP: 4/97 [Erolcha/+0 giant spiked club (14)]
  8766 | D:10     | HP: 1/97 [gnoll sergeant/+4 spear of flaming (3)]
  8766 | D:10     | Slain by a gnoll sergeant

Illustrated notes

Levels and vault maps discovered:
D:1:      minmay_arrival_radiant_lines, layout_basic,
          shapermc_ecumenical_altar_hornbeckon
D:2:      layout_rooms, kennysheep_flooded_box
D:3:      minmay_roachtagon, layout_basic, minmay_pentangle
D:4:      minmay_chambers_of_threes, layout_rooms,
          hangedman_abyss_or_decor_stagger, uniq_ijyb, uniq_menkaure,
          uniq_grinder
D:5:      layout_loops_ring, serial_shops, shop, ebering_ghost_sewer_d,
          nicolae_shop_overcharged_wands
D:6:      minmay_spotlight, layout_basic, elyvilon_altar_4,
          kennysheep_generic_room_4
D:7:      layout_basic, minitemple, minmay_temple_entry_enclosed_plants
D:8:      layout_basic, bloody_makhleb, serial_glass, glass_columns_a,
          glass_columns_a, nicolae_nh_oracle_at_delphi
D:9:      minmay_the_grid_square_5x5_3x3
          [minmay_the_grid_square_5x5_beaten_path,
          minmay_the_grid_square_5x5_checkered_statues,
          minmay_the_grid_square_5x5_tie, minmay_the_grid_square_5x5_v,
          minmay_the_grid_square_5x5_megaprize_diamond,
          minmay_the_grid_square_5x5_fat_x,
          minmay_the_grid_square_5x5_two_walls_b, minmay_the_grid_square_5x5_n,
          minmay_the_grid_square_5x5_lines], layout_gridville,
          mainiacjoe_overflow_six_doors_small, nicolae_shop_self_help
D:10:     hangedman_cross_cluster, layout_loops_corners, serial_shops, shop,
          shop, uniq_erolcha
Temple:   hellmonk_temple_divided_pantheon

Skill      XL: |  1  2  3  4  5  6  7  8  9 10 |
---------------+-------------------------------+-----
Armour         | 4 5 6 7 9 10 | 10.9
Fighting       | 4 5 6 7 9 |  9.1
Long Blades    | 3 4 5 7 9 10 12 | 12.7
Shields        | 4 5 6 |  6.8
Dodging        | 1 2 3 4 5 |  5.2
Evocations     | 1 |  1.5
Stealth        | 1 2 |  2.5
Invocations    | |  0.6

Action                     |  1- 3 |  4- 6 |  7- 9 | 10-12 || total
---------------------------+-------+-------+-------+-------++-------
  Melee: Long sword        |    76 |   141 |   304 |   154 ||   675
         Headbutt          |    14 |    27 |    79 |    40 ||   160
 Invoke: Heroism           |       |       |       |     4 ||     4
  Evoke: Wand              |       |     3 |     7 |     3 ||    13
    Use: Potion            |       |     1 |     1 |     3 ||     5
         Scroll            |       |       |     8 |     9 ||    17
   Stab: Paralysed         |       |       |       |     5 ||     5
 Armour: Scale mail        |    34 |    65 |    55 |       ||   154
         Chain mail        |       |       |   100 |    60 ||   160
  Dodge: Dodged            |    37 |    58 |   119 |    56 ||   270
  Block: Buckler           |    22 |    32 |    72 |    34 ||   160
